Map: Orbital Shipyard

Players

NightEnD - Winner!

  • Race: Protoss Protoss
  • League: Master

FeaR

  • Race: Protoss Protoss
  • League: Grandmaster

Event: Lycan League Weekly August #3

VOD

Have the link to the VOD?

Description

Time

  • Played on: Aug. 17, 2015, 1:02 p.m.
  • Length: 6:43

All games in this series

Show
View Real Time Build Order
Export as new Build Order

NightEnD Protoss - Winner!

Build Orders:  

Get SALT Encoding   

  12  0:01  Probe  
  13  0:13  Pylon  
  13  0:17  Probe  
  14  0:31  Probe (Chrono Boost)  
  14  0:34  Gateway  
  16  0:43  Probe (Chrono Boost)  
  16  0:45  Assimilator  
  16  0:49  Probe (Chrono Boost)  
  17  0:53  Assimilator  
  17  1:00  Probe  
  18  1:07  Gateway  
  18  1:12  Probe  
  19  1:23  Cybernetics Core  
  19  1:24  Probe  
  20  1:37  Probe  
  21  1:46  Pylon  
  21  1:49  Probe  
  22  1:59  Mothership Core  
  22  2:04  Adept x2 (Chrono Boost)  
  28  2:11  Pylon  
  28  2:16  Warp Gate  
  28  2:24  Stalker (Chrono Boost)  
  32  2:37  Stalker (Chrono Boost), Probe  
  33  2:49  Probe  
  33  2:51  Stalker (Chrono Boost)  
  36  2:55  Twilight Council  
  32  3:23  Gateway  
  32  3:28  Robotics Facility  
  32  3:30  Adept x2  
  36  3:55  Pylon  
  36  4:00  Pylon  
  36  4:15  Shield Upgrade (Chrono Boost)  
  36  4:16  Nexus, Observer  
  37  4:26  Probe  
  38  4:40  Observer  
  39  4:46  Adept x2  
  39  4:47  Adept  
  45  4:55  Pylon  
  44  5:10  Mothership Core (Chrono Boost)  
  44  5:11  Adept x3  
  50  5:33  Adept x3  
  56  5:54  Adept x3  
  60  6:14  Adept x3  
  54  6:29  Adept x3  
Show
View Real Time Build Order
Export as new Build Order

FeaR Protoss 

Build Orders: Phoenix Opening, Mass Adepts 

Get SALT Encoding   

  12  0:01  Probe  
  13  0:15  Pylon  
  13  0:18  Probe  
  14  0:33  Probe (Chrono Boost)  
  15  0:37  Gateway  
  15  0:45  Probe (Chrono Boost)  
  16  0:52  Probe (Chrono Boost)  
  16  0:53  Assimilator  
  17  0:58  Assimilator  
  17  1:02  Probe (Chrono Boost)  
  18  1:06  Pylon  
  18  1:14  Probe (Chrono Boost)  
  19  1:20  Probe (Chrono Boost)  
  20  1:25  Cybernetics Core  
  20  1:31  Probe (Chrono Boost)  
  21  1:43  Probe (Chrono Boost)  
  21  1:44  Gateway  
  22  1:50  Probe (Chrono Boost)  
  23  2:02  Adept, Warp Gate  
  23  2:05  Stargate  
  23  2:07  Pylon  
  25  2:29  Adept  
  27  2:30  Gateway  
  27  2:32  Adept  
  27  2:35  Probe  
  30  2:49  Phoenix (Chrono Boost)  
  31  3:02  Probe  
  31  3:07  Phoenix (Chrono Boost)  
  30  3:14  Probe  
  30  3:24  Adept  
  30  3:26  Probe  
  35  3:27  Phoenix (Chrono Boost)  
  35  3:32  Adept  
  37  3:40  Probe  
  38  3:56  Pylon  
  38  4:18  Adept x2  
  38  4:19  Adept  
  38  4:22  Pylon  
  44  4:30  Pylon  
  44  4:43  Adept x3  
  48  5:11  Adept x3  
  52  5:17  Pylon  
  52  5:29  Adept x2  
  52  5:30  Adept  
  58  5:47  Adept x2  
  58  5:49  Adept  
  64  5:52  Pylon  
  64  6:11  Adept x3  

Tags
 
Add a new tag
Caveats
  • Supply blocks, unpowered buildings, or Contaminate may cause inaccurate times.
  • Supply counts are checked every 10 seconds.